 Dungeon Sprint DCSS version 0.15-a0-1206-g3bad1a6 (webtiles) character file.

10600000 Infinimo the Conqueror (level 27, -11/273 HPs)
             Began as a Centaur Gladiator on June 1, 2014.
             Was the Champion of Makhleb.
             Killed from afar by a lost soul (72 damage)
             ... with a bolt of negative energy
             ... in the Dungeon (Sprint VIII: "Arena of Blood").
             The game lasted 00:04:29 (106 turns).

Infinimo the Conqueror (Centaur Gladiator)           Turns: 106, Time: 00:04:30

HP -11/273       AC 10     Str 19      XL: 27
MP  30/49        EV 33     Int  7      God: Makhleb [******]
Gold 0           SH  0     Dex 22      Spells:  0 memorised, 80 levels left

rFire  . . .     SeeInvis .     l - +∞ Axe of Woe
rCold  . . .     Clarity  .     b - +0 leather armour
rNeg   . . .     rCorr    .     (no shield)
rPois  .         rRot     .     c - +0 helmet
rElec  .         Spirit   .     (no cloak)
SustAb .         Warding  .     (no gloves)
rMut   .         NoTele   +     (no barding)
Gourm  .                        (no amulet)
MR     ++...                    (no ring)
                                (no ring)

@: drained, very quick, very resistant to hostile enchantments, very stealthy
A: hooves 3, deformed body, speed 2, tough skin 3
a: Minor Destruction, Lesser Servant of Makhleb, Major Destruction, Greater
Servant of Makhleb, Renounce Religion


You were in the Dungeon.
You worshipped Makhleb.
Makhleb was exalted by your worship.
You were not hungry.

You visited 1 branch

Inventory:

Hand weapons
 l - the +∞,+∞ Axe of Woe (weapon)
   (You found it in the Dungeon)
Missiles
 d - 3 throwing nets (quivered)
Armour
 b - a +0 leather armour (worn)
 c - a +0 helmet (worn)
Comestibles
 f - a bread ration
Scrolls
 k - a scroll of blinking
Potions
 e - a potion of curing
 g - a potion of heal wounds
 h - a potion of haste
 i - 2 potions of magic
 j - a potion of berserk rage


   Skills:
 O Level 27(25.5) Fighting
 O Level 27(25.5) Axes
 O Level 27(25.5) Throwing
 O Level 27(25.5) Armour
 O Level 27(25.5) Dodging
 O Level 27(25.5) Stealth
 O Level 27(25.5) Unarmed Combat
 O Level 27(25.5) Spellcasting
 O Level 27(25.5) Invocations


You had 80 spell levels left.
You didn't know any spells.

Dungeon Overview and Level Annotations

Branches:
Dungeon (1/1)

Altars:
Makhleb

Annotations:
D The Servant


Innate Abilities, Weirdness & Mutations

You have hooves in place of feet.
Armour fits poorly on your strangely shaped body.
You cover ground very quickly.
You have extremely tough skin (AC +3).


Message History

Makhleb accepts your kill.
You feel a little better.
You feel extremely nervous for a moment...
You smell decay.
Your life force feels restored.
You hear a shout! x6
Unknown command.
Unknown command.
You hear a shout! x5
The Servant is engulfed in roaring flames.
You hear a shout! x3
You see here a chunk of hill giant flesh.
You hear a shout! x2
Something smites you!
* * * LOW HITPOINT WARNING * * *
You hear a shout! x2
An eight-headed meat hydra comes into view.
You hear a shout!
The bolt of negative energy hits you!
You feel drained.
You die...

...#.%%.%.###.... ..
...............###.o
....%..#%%.%...._...
.%..#.....))#...o.# ..
###......)))%#_.<._#
...##....#..)))))#.....#
#........#)))))..._...
...#.......@)%§§....###..
D......o@.%.%§§###..%....
..........)%.%...#%...§..
................#.......
.......#................
......#.#.#............
......#.#............
#...#.# #........ #.. #
.....# ...


You could see The Servant, an eight-headed meat hydra (wandering) and a bag of
meat.

Vanquished Creatures
  Sigmund (D)
  6 greater mummies (D)
  4 hell beasts (D)
  6 hill giants (D)
  2 hydras (D)
  4 liches (D)
  23 ogres (D)
  46 orcs (D)
  A phantom (D)
  3 skeletal warriors (D)
  12 vampire knights (D)
  2 wraiths (D)
  9 tentacled monstrosities (D)
  26 large abominations (D)
  A reaper (D)
  6 small abominations (D)
152 creatures vanquished.

Vanquished Creatures (others)
  A large abomination (D)
  A crawling corpse (D)
2 creatures vanquished.

Grand Total: 154 creatures vanquished

Notes
Turn   | Place    | Note
--------------------------------------------------------------
     0 | D        | Infinimo, the Centaur Gladiator, began the quest for the Orb.
     0 | D        | Reached XP level 1. HP: 17/17 MP: 1/1
     3 | D        | Noticed a bag of meat
     4 | D        | Became a worshipper of Makhleb the Destroyer
     5 | D        | Noticed a meat berserker
     6 | D        | Noticed a bag of meat
     7 | D        | Noticed a bag of meat
     8 | D        | Noticed a bag of meat
     9 | D        | Noticed a meat berserker
    10 | D        | Noticed a bag of meat
    10 | D        | Noticed a bag of meat
    12 | D        | Noticed a bag of meat
    12 | D        | Noticed a bag of meat
    12 | D        | Killed a meat berserker
    12 | D        | Reached skill level 15 in Fighting
    12 | D        | Reached XP level 2. HP: 20/49 MP: 2/2
    12 | D        | Reached XP level 3. HP: 22/56 MP: 3/3
    12 | D        | Reached XP level 4. HP: 24/63 MP: 3/3
    12 | D        | Reached XP level 5. HP: 26/70 MP: 4/4
    12 | D        | Reached XP level 6. HP: 28/78 MP: 5/5
    12 | D        | Reached XP level 7. HP: 30/84 MP: 5/5
    12 | D        | Reached XP level 8. HP: 33/93 MP: 6/6
    12 | D        | Reached XP level 9. HP: 35/100 MP: 7/7
    12 | D        | Reached XP level 10. HP: 37/107 MP: 7/7
    12 | D        | Reached XP level 11. HP: 39/114 MP: 8/8
    12 | D        | Killed a meat berserker
    12 | D        | Acquired Makhleb's first power
    12 | D        | Reached skill level 18 in Fighting
    12 | D        | Reached XP level 12. HP: 41/127 MP: 9/9
    13 | D        | Noticed a meat berserker
    13 | D        | Killed a bag of meat
    13 | D        | Reached skill level 19 in Fighting
    13 | D        | Reached skill level 15 in Dodging
    13 | D        | Reached XP level 13. HP: 20/138 MP: 9/9
    13 | D        | Killed a bag of meat
    13 | D        | Reached skill level 20 in Fighting
    14 | D        | Noticed a bag of meat
    15 | D        | Noticed a meat berserker
    15 | D        | Noticed a bag of meat
    15 | D        | Killed a bag of meat
    15 | D        | Acquired Makhleb's second power
    15 | D        | Reached skill level 21 in Fighting
    15 | D        | Reached XP level 14. HP: 123/152 MP: 10/10
    15 | D        | Killed a bag of meat
    15 | D        | Reached skill level 22 in Fighting
    16 | D        | Noticed a bag of meat
    16 | D        | Noticed a bag of meat
    16 | D        | Killed a meat berserker
    16 | D        | Reached skill level 23 in Fighting
    16 | D        | Reached XP level 15. HP: 148/163 MP: 11/11
    16 | D        | Killed a bag of meat
    16 | D        | Acquired Makhleb's third power
    16 | D        | Reached skill level 24 in Fighting
    16 | D        | Killed a bag of meat
    17 | D        | Noticed a meat berserker
    17 | D        | Noticed a bag of meat
    17 | D        | Noticed a meat berserker
    17 | D        | Killed a bag of meat
    17 | D        | Reached skill level 25 in Fighting
    17 | D        | Killed a bag of meat
    17 | D        | Acquired Makhleb's fourth power
    17 | D        | Reached skill level 26 in Fighting
    17 | D        | Reached XP level 16. HP: 178/180 MP: 11/11
    18 | D        | Killed a meat berserker
    19 | D        | Noticed a bag of meat
    19 | D        | Killed a meat berserker
    19 | D        | Reached skill level 27 in Fighting
    20 | D        | Noticed a meat berserker
    20 | D        | Killed a bag of meat
    21 | D        | Killed a bag of meat
    21 | D        | Acquired Makhleb's fifth power
    21 | D        | Reached skill level 27 in Axes
    21 | D        | Reached XP level 17. HP: 161/191 MP: 12/12
    21 | D        | Killed a meat berserker
    22 | D        | Noticed a meat berserker
    22 | D        | Noticed a destroyer
    22 | D        | Killed a bag of meat
    22 | D        | Killed a bag of meat
    22 | D        | Reached skill level 27 in Dodging
    23 | D        | Killed a bag of meat
    23 | D        | Reached skill level 5 in Armour
    23 | D        | Reached skill level 5 in Stealth
    23 | D        | Reached skill level 5 in Spellcasting
    24 | D        | Noticed a bag of meat
    25 | D        | Noticed a meat berserker
    25 | D        | Noticed a bag of meat
    25 | D        | Noticed a bag of meat
    26 | D        | Noticed a bag of meat
    26 | D        | Killed a meat berserker
    26 | D        | Reached XP level 18. HP: 200/200 MP: 12/29
    26 | D        | Killed a bag of meat
    26 | D        | Reached skill level 10 in Unarmed Combat
    26 | D        | Killed a destroyer
    26 | D        | Killed a meat berserker
    26 | D        | Reached skill level 15 in Throwing
    26 | D        | Reached skill level 10 in Armour
    26 | D        | Reached skill level 10 in Stealth
    26 | D        | Reached skill level 10 in Spellcasting
    27 | D        | Noticed a bag of meat
    28 | D        | Noticed a destroyer
    28 | D        | Killed a meat berserker
    29 | D        | Noticed a destroyer
    30 | D        | Noticed a bag of meat
    30 | D        | Killed a destroyer
    30 | D        | Reached skill level 15 in Invocations
    31 | D        | Noticed a bag of meat
    31 | D        | Killed a bag of meat
    31 | D        | Reached skill level 15 in Unarmed Combat
    31 | D        | Reached XP level 19. HP: 207/207 MP: 13/36
    32 | D        | Noticed a large bag of meat
    32 | D        | Killed a bag of meat
    32 | D        | Killed a bag of meat
    32 | D        | Killed a bag of meat
    33 | D        | Noticed a meat berserker
    33 | D        | Noticed a meat berserker
    34 | D        | Noticed a bag of meat
    34 | D        | Noticed a sculptor of flesh
    34 | D        | Killed a bag of meat
    34 | D        | Killed a destroyer
    35 | D        | Noticed a bag of meat
    36 | D        | Noticed a meat berserker
    37 | D        | Killed a meat berserker
    37 | D        | Reached skill level 15 in Armour
    37 | D        | Reached skill level 15 in Stealth
    37 | D        | Reached skill level 15 in Spellcasting
    37 | D        | Reached XP level 20. HP: 216/216 MP: 14/39
    37 | D        | Killed a bag of meat
    38 | D        | Noticed a bag of meat
    38 | D        | Killed a sculptor of flesh
    39 | D        | Noticed a destroyer
    39 | D        | Noticed a destroyer
    39 | D        | Killed a large bag of meat
    39 | D        | Killed a bag of meat
    39 | D        | Killed a meat berserker
    40 | D        | Noticed a destroyer
    40 | D        | Noticed a destroyer
    40 | D        | Killed a destroyer
    40 | D        | Killed a meat berserker
    40 | D        | Reached skill level 27 in Throwing
    41 | D        | Noticed a meat berserker
    41 | D        | Killed a bag of meat
    41 | D        | Reached XP level 21. HP: 224/224 MP: 15/42
    44 | D        | Noticed a destroyer
    44 | D        | Noticed a large bag of meat
    44 | D        | Killed a destroyer
    46 | D        | Noticed a sculptor of flesh
    46 | D        | Noticed an eight-headed meat hydra
    46 | D        | Noticed an accursed
    47 | D        | Killed a destroyer
    47 | D        | Killed a meat berserker
    48 | D        | Noticed a bag of meat
    48 | D        | Noticed a large bag of meat
    48 | D        | Noticed a meat berserker
    48 | D        | Killed a bag of meat
    49 | D        | Killed a destroyer
    51 | D        | Noticed a destroyer
    51 | D        | Noticed a large bag of meat
    51 | D        | Noticed a meat berserker
    51 | D        | Killed a destroyer
    51 | D        | Reached skill level 27 in Invocations
    51 | D        | Killed a large bag of meat
    52 | D        | Noticed a destroyer
    52 | D        | Noticed a meat berserker
    53 | D        | Noticed a meat berserker
    53 | D        | Noticed a bag of meat
    53 | D        | Killed a bag of meat
    53 | D        | Reached XP level 22. HP: 180/233 MP: 18/44
    53 | D        | Killed a meat berserker
    53 | D        | Killed a nine-headed meat hydra
    53 | D        | Reached skill level 27 in Unarmed Combat
    53 | D        | Killed a destroyer
    54 | D        | Killed a sculptor of flesh
    54 | D        | Killed a destroyer
    54 | D        | Killed a large bag of meat
    55 | D        | Noticed a meat berserker
    55 | D        | Noticed a bag of meat
    55 | D        | Noticed an accursed
    55 | D        | Noticed a bag of meat
    55 | D        | Killed a bag of meat
    56 | D        | Noticed a bag of meat
    56 | D        | Noticed a bag of meat
    56 | D        | Noticed a tyrant
    56 | D        | Noticed a sculptor of flesh
    56 | D        | Noticed an accursed
    56 | D        | Killed a large bag of meat
    57 | D        | Noticed a bag of meat
    57 | D        | Noticed a bag of meat
    57 | D        | Noticed a destroyer
    58 | D        | Noticed a bag of meat
    58 | D        | Killed a meat berserker
    58 | D        | Reached XP level 23. HP: 240/240 MP: 19/46
    59 | D        | Noticed a tyrant
    59 | D        | Noticed a bag of meat
    59 | D        | Noticed a tyrant
    59 | D        | Killed a destroyer
    60 | D        | Killed a meat berserker
    61 | D        | Noticed a bag of meat
    61 | D        | Noticed The Captor
    61 | D        | Killed a meat berserker
    62 | D        | Killed a bag of meat
    63 | D        | Noticed a bag of meat
    63 | D        | Killed a bag of meat
    63 | D        | Reached skill level 27 in Armour
    63 | D        | Reached skill level 27 in Stealth
    63 | D        | Reached skill level 27 in Spellcasting
    63 | D        | Killed a bag of meat
    64 | D        | Killed a bag of meat
    64 | D        | Killed a bag of meat
    65 | D        | Noticed an accursed
    65 | D        | Noticed a bag of meat
    66 | D        | Killed a bag of meat
    66 | D        | Killed The Captor
    66 | D        | Reached XP level 24. HP: 249/249 MP: 21/48
    67 | D        | Noticed a bag of meat
    68 | D        | Killed a bag of meat
    68 | D        | Killed an accursed
    69 | D        | Noticed a meat beast
    70 | D        | Noticed a meat beast
    70 | D        | Killed a meat beast
    71 | D        | Noticed a meat berserker
    71 | D        | Noticed a meat berserker
    72 | D        | Noticed a dread
    72 | D        | Noticed a large bag of meat
    72 | D        | Killed a tyrant
    73 | D        | Noticed a meat beast
    73 | D        | Killed a bag of meat
    74 | D        | Noticed a meat berserker
    75 | D        | Noticed a meat beast
    75 | D        | Killed a bag of meat
    75 | D        | Killed a sculptor of flesh
    76 | D        | Noticed an accursed
    76 | D        | Noticed a bag of meat
    76 | D        | Killed a meat beast
    76 | D        | Killed a bag of meat
    77 | D        | Noticed a bag of meat
    77 | D        | Noticed a bag of meat
    77 | D        | Noticed a large bag of meat
    77 | D        | Noticed an eight-headed meat hydra
    77 | D        | Killed an accursed
    77 | D        | Reached XP level 25. HP: 257/257 MP: 23/48
    78 | D        | Killed a bag of meat
    78 | D        | Killed a meat berserker
    79 | D        | Killed a meat berserker
    79 | D        | Killed a meat beast
    79 | D        | Killed a tyrant
    80 | D        | Noticed a meat berserker
    80 | D        | Killed a large bag of meat
    81 | D        | Noticed a bag of meat
    81 | D        | Noticed a bag of meat
    81 | D        | Killed a nine-headed meat hydra
    81 | D        | Killed a tyrant
    82 | D        | Noticed a bag of meat
    82 | D        | Noticed a meat berserker
    82 | D        | Killed a dread
    82 | D        | Killed a meat beast
    82 | D        | Killed a bag of meat
    82 | D        | Reached XP level 26. HP: 266/266 MP: 24/48
    83 | D        | Noticed a dread
    83 | D        | Killed an accursed
    84 | D        | Noticed a bag of meat
    84 | D        | Killed a meat berserker
    84 | D        | Killed a bag of meat
    86 | D        | Noticed an accursed
    86 | D        | Noticed a destroyer
    86 | D        | Killed a bag of meat
    86 | D        | Killed a meat berserker
    87 | D        | Killed a bag of meat
    87 | D        | Killed a destroyer
    88 | D        | Killed a meat berserker
    89 | D        | Killed a bag of meat
    89 | D        | Killed a bag of meat
    89 | D        | Killed a bag of meat
    90 | D        | Killed a bag of meat
    90 | D        | Reached XP level 27. HP: 273/273 MP: 26/49
    90 | D        | Killed a large bag of meat
    91 | D        | Noticed a bag of meat
    93 | D        | Killed a dread
    93 | D        | Killed a bag of meat
    94 | D        | Noticed a tyrant
    94 | D        | Killed an accursed
    94 | D        | Killed a meat berserker
    98 | D        | Killed a tyrant
    99 | D        | Noticed The Servant
   100 | D        | Killed a lost soul
   100 | D        | Killed an accursed
   101 | D        | Noticed a bag of meat
   101 | D        | Killed a bag of meat
   102 | D        | HP: 5/273 [something/bolt of negative energy (80)]
   103 | D        | Killed an accursed
   106 | D        | Killed from afar by a lost soul

Action                   |  1- 3 |  4- 6 |  7- 9 | 10-12 | 13-15 | 16-18 | 19-21 | 22-24 | 25-27 || total
-------------------------+-------+-------+-------+-------+-------+-------+-------+-------+-------++-------
Melee: Executioner's axe |     1 |       |       |     1 |     3 |    10 |    13 |    22 |    20 ||    70
